 Dungeon Crawl Stone Soup version 0.29-a0-384-g6960b1960d (webtiles) character file.

Game seed: 5638619963780940910

184 quokkamancerX the Digger (level 5, -3/28 HPs)
             Began as a Gargoyle Earth Elementalist on May 5, 2022.
             Slain by an orc wizard
             ... wielding a +0 dagger
              (4 damage)
             ... on level 5 of the Dungeon on May 7, 2022.
             The game lasted 00:12:18 (4476 turns).

quokkamancerX the Digger (GrEE)                     Turns: 4476, Time: 00:12:19

Health: -3/28      AC:  8    Str: 12    XL:     5   Next: 64%
Magic:  9/10       EV: 11    Int: 17    God:
Gold:   147        SH:  0    Dex: 10    Spells: 10/11 levels left

rFire   . . .      SeeInvis .   i - +1 falchion (vorpal)
rCold   . . .      Faith    .   (no shield)
rNeg    + . .      Spirit   .   l - +1 robe of Defence {Fly}
rPois   ∞          Reflect  .   m - +0 helmet
rElec   +          Harm     .   (no cloak)
rCorr   .          Rampage  .   (no gloves)
Will    .....                   (no boots)
Stlth   ++........              (no amulet)
HPRegen 0.09/turn               (no ring)
MPRegen 0.12/turn               (no ring)

@: flying
A: sickness immunity, AC +4, negative energy resistance 1, electricity
resistance, torment resistance 1, petrification resistance
a: no special abilities


You were on level 5 of the Dungeon.
You visited 1 branch of the dungeon, and saw 4 of its levels.

You collected 147 gold pieces.

Inventory:

Hand Weapons
 i - a +1 vorpal falchion (weapon)
Missiles
 a - 25 stones
Armour
 l - the +1 robe of Defence (worn) {Fly}
   (You took it off an orc on level 3 of the Dungeon)

   Fly:       It grants you flight.
 m - a +0 helmet (worn)
Scrolls
 d - a scroll of noise {unknown}
 f - 6 scrolls of identify {unknown}
 j - a scroll of poison {unknown}
 k - a scroll of teleportation {unknown}
Potions
 b - a potion of lignification {unknown}
 c - 2 potions of magic
 e - 2 potions of curing
 g - 2 potions of flight {unknown}
 h - a potion of resistance {unknown}


   Skills:
 - Level 1.5 Dodging
 - Level 2.2 Stealth
 + Level 3.9 Spellcasting
 - Level 0.7 Transmutations
 + Level 5.8 Earth Magic


You had 10 spell levels left.
You knew the following spells:

 Your Spells              Type           Power      Damage    Failure   Level
a - Sandblast             Erth           46%        2d11      1%          1

Your spell library contained the following spells:

 Spells                   Type           Power      Damage    Failure   Level
 Passwall                 Tmut/Erth      11%        N/A       6%          2
 Stone Arrow              Conj/Erth      26%        3d8       14%         3
 Animate Skeleton         Necr           6%         N/A       16%         1
 Magic Dart               Conj           12%        1d3       16%         1
 Pain                     Necr           12%        1d4       16%         1
 Searing Ray              Conj           6%         2d4       24%         2
 Petrify                  Tmut/Erth      14%        N/A       38%         4
 Vampiric Draining        Necr           3%         2d6       43%         3
 Fulminant Prism          Conj/Hex       1%         3d6       85%         4


Dungeon Overview and Level Annotations

Branches:
Dungeon (3/15)

Altars:


Innate Abilities, Weirdness & Mutations

You are immune to sickness and miasma.
Your stone body is resilient. (AC +4)
You are immune to poison.
You resist negative energy. (rN+)
You are resistant to electric shocks. (rElec)
You are resistant to unholy torment.
You are immune to petrification.


Message History

The orc hits you with a +0 mace.
You closely miss the orc.
The orc is moderately wounded.
The orc hits you with a +0 mace.
You hit the orc.
You kill the orc!
Something hits you but does no damage.
You miss something.
You hear some strange, mumbled words.
A magic dart appears from out of thin air!
The magic dart hits you!
You closely miss something.
You hear some strange, mumbled words.
A magic dart appears from out of thin air!
The magic dart hits you.
You hit something. Something hits you. Something hits you but does no damage.
You miss something. Something hits you but does no damage.
You miss something. Something hits you but does no damage.
You are too injured to fight recklessly!
There is an open door here.
A magic dart appears from out of thin air!
The magic dart hits you.
* * * LOW HITPOINT WARNING * * *
You barely miss something. Something hits you but does no damage.
You completely miss something. Something hits you but does no damage.
The orc hits you but does no damage. Something completely misses you.
You barely miss something.
You hear some strange, mumbled words.
A magic dart appears from out of thin air!
The magic dart hits you!
* * * LOW HITPOINT WARNING * * *
The orc closely misses you.
You are too injured to fight recklessly!
Aiming: Sandblast (safe; 1% risk of failure)
Press: ? - help, Q - select action, (/) - cycle Shift-Dir - straight line, f - orc
Aim: an orc, wielding a +0 dagger (81% to hit)
The blast of sand hits the orc!
You kill the orc!
Something hits you.
You die...

.....o).........
#.######'####.##
#.......#..#
##.......##.####
+.........'....#
##.......†.####.#####
#...........# #'#...#+
###...)...#####.......
#.#+#@..#'#.#.........
##...#####...##........
+......#......'........
#......#......##.......
.......#.......#.......
.......'.......####+###
.......#.......#
#......#......##
+.O....#......+


There were no monsters in sight!

Vanquished Creatures
  An orc priest (D:5)
  Robin (D:3)
  4 gnolls
  2 adders
  A worm (D:3)
  2 dart slugs (D:1)
  12 orcs
  6 endoplasms
  3 giant cockroaches
  10 goblins
  6 hobgoblins
  4 kobolds
  A quokka (D:2)
  A ball python (D:1)
  5 bats
  6 frilled lizards
  6 rats
71 creatures vanquished.

Vanquished Creatures (others)
  4 plants (D:2)
4 creatures vanquished.

Grand Total: 75 creatures vanquished

Notes
Turn   | Place    | Note
-------+----------+-------------------------------------------
     0 | D:1      | quokkamancerX the Gargoyle Earth Elementalist began the
                  | quest for the Orb.
     0 | D:1      | Reached XP level 1. HP: 10/10 MP: 3/3
     0 | D:1      | Upgraded the game from 0.29-a0-378-gc08b2e8bf8 to
                  | 0.29-a0-384-g6960b1960d
    53 | D:1      | Reached skill level 4 in Earth Magic
    53 | D:1      | Reached XP level 2. HP: 15/15 MP: 1/5
   445 | D:1      | Found a faded altar of an unknown god.
   466 | D:1      | Reached XP level 3. HP: 19/19 MP: 4/6
  2493 | D:3      | Reached XP level 4. HP: 23/24 MP: 8/8
  3172 | D:3      | Reached skill level 5 in Earth Magic
  3759 | D:3      | Identified the +1 robe of Defence {Fly}
  3775 | D:3      | Reached XP level 5. HP: 10/28 MP: 6/10
  4085 | D:3      | Noticed Robin
  4095 | D:3      | Killed Robin
  4363 | D:3      | You are sucked into a shaft and drop 2 floors!
  4363 | D:5      | Entered Level 5 of the Dungeon
  4394 | D:5      | Noticed an ogre
  4474 | D:5      | HP: 1/28 [something/magic dart (8)]
  4476 | D:5      | Slain by an orc wizard

Illustrated notes

Levels and vault maps discovered:
D:1:      dpeg_arrival_concentric_ovals, layout_basic,
          shapermc_ecumenical_altar_gd
D:2:      layout_loops_cross, serial_bayou_pond_a
D:3:      layout_basic, uniq_robin
D:5:      nicolae_cairo_tiling_very_big, layout_basic, st_stairs_6,
          minmay_manual_monstrance

Skill      XL: |  1  2  3  4 |
---------------+-------------+-----
Earth Magic    | 4 5 |  5.8
Spellcasting   | 3 |  3.9
Dodging        | |  1.5
Stealth        | |  2.2
Transmutations | |  0.7

Action                   |  1- 3 |  4- 6 || total
-------------------------+-------+-------++-------
Melee: Dagger            |   125 |    55 ||   180
       Punch             |     1 |       ||     1
       Falchion          |       |    82 ||    82
 Cast: Sandblast         |    21 |    25 ||    46
 Stab: Sleeping          |     6 |       ||     6
Armor: Robe              |    66 |    56 ||   122
Dodge: Dodged            |    78 |    85 ||   163

Table legend: (Time is in decaauts)
 A = Elapsed time spent in this place.
 B = Non-inter-level travel time spent in this place.
 C = Inter-level travel time spent in this place.
 D = Time resting spent in this place.
 E = Time spent auto-exploring this place.
 F = Levels seen in this place.
 G = Mean time per level.
                   A        B        C        D        E       F      G
               +--------+--------+--------+--------+--------+-----+--------+
         Total |   4502 |   4448 |     54 |   1387 |   2087 |   4 | 1125.5 |
       Dungeon |   4502 |   4448 |     54 |   1387 |   2087 |   4 | 1125.5 |
               +--------+--------+--------+--------+--------+-----+--------+

Top non-repeatable levels by time:
     D:3: 2091 daAuts
     D:1: 1448 daAuts
     D:2: 843 daAuts
     D:5: 120 daAuts
